 Dungeon Crawl Stone Soup version 0.27.0-1-g7a089689b8 (webtiles) character file.

Game seed: 15632279988282077792

1404 mainiacjoe the Caller (level 8, 0/52 HPs)
             Began as a Merfolk Summoner on July 31, 2021.
             Slain by a steam dragon (9 damage)
             ... on level 7 of the Dungeon.
             The game lasted 00:19:15 (7851 turns).

mainiacjoe the Caller (Merfolk Summoner)            Turns: 7851, Time: 00:19:15

Health: 0/52       AC:  7    Str: 10    XL:     8   Next: 69%
Magic:  11/11      EV: 12    Int: 15    God:
Gold:   382        SH:  7    Dex: 14    Spells: 1/11 levels left

rFire    . . .     SeeInvis .   a - +10 morningstar "Eos" {elec, Halo rElec}
rCold    . . .     Faith    .   h - +2 buckler
rNeg     . . .     Spirit   .   F - +2 ring mail {Will+}
rPois    .         Reflect  .   g - +0 hat
rElec    +         Harm     .   (no cloak)
rCorr    .         Rampage  .   (no gloves)
Will     +....                  (no boots)
Stlth    +.........             (no amulet)
HPRegen  0.17/turn              (no ring)
MPRegen  0.12/turn              (no ring)

@: glowing, studying Shields
A: (nimble swimmer 2), mertail
a: no special abilities


You were on level 7 of the Dungeon.
You visited 1 branch of the dungeon, and saw 7 of its levels.

You collected 382 gold pieces.

Inventory:

Hand Weapons
 a - the +10 morningstar "Eos" (weapon) {elec, Halo rElec}
   (You found it on level 4 of the Dungeon)

   It occasionally discharges a powerful burst of electricity upon striking a
   foe.
   It grants its wielder a halo, increasing accuracy against those within it.
   rElec:     It insulates you from electricity.
 b - a +0 hunting sling
 r - a +0 spear
 G - a +0 club
Missiles
 d - 87 arrows
 e - 163 stones
 i - 16 poisoned darts (quivered)
 j - 105 sling bullets
 t - 5 curare-tipped darts {=F}
 E - 20 bolts
Armour
 c - a +0 robe
 g - a +0 hat (worn)
 h - a +2 buckler (worn)
 F - a +2 ring mail of willpower (worn)
Wands
 p - a wand of flame (16)
 s - a wand of acid (8)
 w - a wand of iceblast (16)
 D - a wand of digging (7)
Scrolls
 f - 3 scrolls of magic mapping {unknown}
 l - 3 scrolls of identify {unknown}
 n - 2 scrolls of blinking {unknown}
 u - 2 scrolls of immolation {unknown}
 x - a scroll of vulnerability {unknown}
 y - a scroll of brand weapon {unknown}
 A - 2 scrolls of teleportation {unknown}
 B - a scroll of fog {unknown}
Potions
 k - 3 potions of curing {unknown}
 m - 3 potions of might {unknown}
 o - a potion of ambrosia {unknown}
 q - a potion of attraction {unknown}
 v - 2 potions of lignification {unknown}
 z - a potion of flight {unknown}
 C - a potion of magic {unknown}
 H - a potion of brilliance {unknown}


   Skills:
 + Level 0.2 Fighting
 + Level 5.4 Maces & Flails
 - Level 1.3 Polearms
 - Level 5.0 Dodging
 - Level 5.0 Stealth
 - Level 4.0 Shields
 - Level 2.0 Spellcasting
 * Level 6.0 Summonings
 - Level 2.0 Air Magic


You had one spell level left.
You knew the following spells:

 Your Spells              Type           Power      Damage    Failure   Level
a - Summon Small Mammal   Summ           76%        N/A       4%          1
b - Call Imp              Summ           19%        N/A       8%          2
c - Call Canine Familiar  Summ           19%        N/A       14%         3
d - Summon Lightning Spi  Summ/Air       13%        N/A       73%         4

Your spell library contained the following spells:

 Spells                   Type           Power      Damage    Failure   Level
 Beastly Appendage        Tmut           2%         N/A       50%         1
 Sting                    Tmut/Pois      4%         1d3       50%         1
 Summon Guardian Golem    Hex/Summ       10%        N/A       45%         3
 Poisonous Vapours        Pois/Air       8%         N/A       50%         2
 Blink                    Tloc           N/A        N/A       65%         2
 Wereblood                Tmut           1%         N/A       65%         2
 Lesser Beckoning         Tloc           0%         N/A       86%         3
 Spider Form              Tmut/Pois      0%         N/A       86%         3
 Olgreb's Toxic Radiance  Pois           1%         N/A       99%         4
 Manifold Assault         Tloc           1%         N/A       100%        5
 Orb of Destruction       Conj           0%         N/A       100%        7
 Spellforged Servitor     Conj/Summ      5%         N/A       100%        7


Dungeon Overview and Level Annotations

Branches:
Dungeon (7/15)             Temple (0/1) D:7

Altars:
Cheibriados
Elyvilon
Gozag
Okawaru
Xom

Shops:
D:7 *

Annotations:
D:2 apport rf++ vault


Innate Abilities, Weirdness & Mutations

((You are quick and stealthy near water. (Stealth+, EV+, Speed+++)))
Your lower body shifts to a powerful aquatic tail in water.


Message History

i - 16 poisoned darts (gained 1)
Found an escape hatch in the floor.
H - a coppery potion
There is an escape hatch in the floor here.
e - 163 stones (gained 21)
Found Coufeh's Mass Market.
You now have 382 gold pieces (gained 15).
There is an entrance to Coufeh's Mass Market here.
Found a scale mail.
An orc priest comes into view. It is wielding a +0 hand axe.
Found a staircase to the Ecumenical Temple.
An orc warrior and 2 orc priests come into view.
The orc warrior shouts!
The orc priest shouts! x2
The orc priest begins to cast a cantrip, but forgets the words!
An orc comes into view. It is wielding a +0 dagger.
The orc priest hits you but does no damage.
You sock the orc priest!
The orc priest is almost dead.
The orc priest invokes the aid of Beogh against you.
Beogh smites you! The orc warrior barely misses you.
The orc priest hits you with a +0 hand axe.
You puncture the orc priest!
You kill the orc priest!
The orc priest miscasts a cantrip.
The orc warrior hits you from afar with a +0 trident!
You are too injured to fight recklessly!
Unknown command.
A steam dragon comes into view.
The steam dragon hisses angrily.
The orc priest barely misses you. The orc priest barely misses you.
You see here a +0 scale mail.
The steam dragon barely misses you. The steam dragon claws you.
The orc priest casts a cantrip, but nothing happens.
The orc priest invokes the aid of Beogh against you.
Beogh smites you!
* * * LOW HITPOINT WARNING * * *
There is a staircase to the Ecumenical Temple here.
The steam dragon bites you!
You die...

...........# #....#
#.###...####
#######.#.## #.#
##.###########....##.###
#.# #.#
................# #.#
#.# #...#...##..##.# #.#
#.# #....#.#.o#.##.# #.#
#.# # #..#..[o#o##.# #.#
.. ....##..o.#..##.#
#.....@Do...##.#
#..#....##.....#
#.#....#..#.####
#..#.#....# ..##...#...#
.#. .... ...# # # ####
#.## .#


You could see a steam dragon, an orc warrior, 2 orc priests and an orc.

Vanquished Creatures
  A wyvern (D:7)
  A sky beast (D:6)
  A phantom (D:5)
  A bullfrog (D:6)
  4 scorpions
  4 electric eels (D:7)
  A jelly (D:5)
  A gnoll shaman (D:6)
  3 orc priests
  A bullfrog skeleton (D:6)
  3 iguanas
  2 orc wizards
  A howler monkey zombie (D:6)
  2 gnolls
  3 adders
  A howler monkey skeleton (D:6)
  2 white imps (D:6)
  A worm (D:2)
  7 dart slugs
  16 orcs
  4 bats
  5 endoplasms
  A giant cockroach (D:2)
  A goblin (D:4)
  2 hobgoblins
  3 jackals
  6 kobolds
  A quokka (D:5)
  5 ball pythons
  3 frilled lizards
  3 rats
90 creatures vanquished.

Vanquished Creatures (collateral kills)
  An ogre (D:5)
  A centaur (D:6)
  A jelly (D:4)
  A centaur skeleton (D:4)
  Natasha (D:3)
  4 gnolls
  3 dart slugs (D:7)
  5 orcs (D:3)
  A bat (D:3)
  5 endoplasms
  3 goblins (D:1)
  2 jackals (D:1)
  A quokka (D:1)
  2 rats
31 creatures vanquished.

Vanquished Creatures (others)
  2 dart slugs (D:7)
  An endoplasm (D:2)
  8 plants (D:1)
11 creatures vanquished.

Grand Total: 132 creatures vanquished

Notes
Turn   | Place    | Note
-------+----------+-------------------------------------------
     0 | D:1      | mainiacjoe the Merfolk Summoner began the quest for the
                  | Orb.
     0 | D:1      | Reached XP level 1. HP: 13/13 MP: 3/3
   197 | D:1      | Reached XP level 2. HP: 19/19 MP: 5/5
   210 | D:1      | Learned a level 2 spell: Call Imp
   448 | D:1      | Reached skill level 1 in Polearms
  1294 | D:2      | Reached XP level 3. HP: 13/24 MP: 2/6
  1918 | D:2      | Reached skill level 1 in Shields
  2049 | D:3      | Noticed Natasha
  2055 | D:3      | Found a faded altar of an unknown god.
  2181 | D:4      | Reached XP level 4. HP: 25/30 MP: 1/7
  2185 | D:4      | Learned a level 3 spell: Call Canine Familiar
  2560 | D:5      | Entered Level 5 of the Dungeon
  2560 | D:5      | Found a shimmering altar of Xom.
  2803 | D:4      | Found the +10 morningstar "Eos" {elec, Halo rElec}
  3650 | D:3      | Reached skill level 1 in Maces & Flails
  3650 | D:3      | Reached XP level 5. HP: 31/35 MP: 0/8
  4105 | D:3      | Found a snail-covered altar of Cheibriados.
  4129 | D:3      | Found an opulent altar of Gozag.
  4149 | D:3      | Found an iron altar of Okawaru.
  4380 | D:3      | Killed Natasha
  4578 | D:5      | Reached skill level 5 in Summonings
  4578 | D:5      | Reached XP level 6. HP: 41/41 MP: 1/9
  5256 | D:5      | You fall into a shaft and drop 1 floor!
  5510 | D:6      | Reached XP level 7. HP: 44/46 MP: 10/10
  6054 | D:6      | Reached skill level 5 in Stealth
  6276 | D:6      | Found a white marble altar of Elyvilon.
  6463 | D:7      | Reached skill level 6 in Summonings
  6463 | D:7      | Reached XP level 8. HP: 39/52 MP: 7/11
  6470 | D:6      | Learned a level 4 spell: Summon Lightning Spire
  6662 | D:6      | Reached skill level 1 in Air Magic
  7396 | D:7      | Reached skill level 5 in Maces & Flails
  7503 | D:7      | Noticed a wyvern
  7520 | D:7      | Killed a wyvern
  7693 | D:7      | Reached skill level 5 in Dodging
  7758 | D:7      | Found Coufeh's Mass Market.
  7841 | D:7      | Found a staircase to the Ecumenical Temple.
  7851 | D:7      | Slain by a steam dragon

Illustrated notes

Levels and vault maps discovered:
D:1:      amcnicky_arrival_wind_blow, layout_loops_ring, serial_bayou_crossing
D:2:      layout_loops_cross, lemuel_flame_loot_1
D:3:      layout_rooms, minmay_overflow_temple_star_quad,
          dreamdust_ecumenical_altar_grove, uniq_natasha
D:4:      layout_basic
D:5:      layout_loops_ring, overflow_temple_1_default
D:6:      layout_loops_ring, nicolae_elyvilon_peaceful_grove,
          palyth_stone_intersect
D:7:      kennysheep_slugbush, layout_loops_ring,
          minmay_temple_entry_mini_moons, minmay_shop_mass,
          uniq_crazy_yiuf_cottage

Skill      XL: |  1  2  3  4  5  6  7  8 |
---------------+-------------------------+-----
Polearms       | 1 |  1.3
Shields        | 3 4 |  4.0
Stealth        | 3 4 5 |  5.0
Maces & Flails | 1 2 3 4 5 |  5.4
Summonings     | 5 6 |  6.0
Dodging        | 5 |  5.0
Air Magic      | 2 |  2.0
Fighting       | |  0.2
Spellcasting   | |  2.0

Action                   |  1- 3 |  4- 6 |  7- 9 || total
-------------------------+-------+-------+-------++-------
Melee: Spear             |   102 |    39 |       ||   141
       Club              |     1 |       |       ||     1
       Morningstar       |       |    39 |    50 ||    89
Throw: Dart              |       |       |     2 ||     2
 Cast: Summon Small Mamm |    13 |     3 |       ||    16
       Call Imp          |    18 |    18 |    18 ||    54
       Call Canine Famil |       |     5 |     2 ||     7
Evoke: Wand              |       |       |     4 ||     4
 Stab: Sleeping          |     7 |     4 |       ||    11
       Distracted        |     1 |       |       ||     1
Armor: Robe              |    18 |     8 |     3 ||    29
       Ring mail         |       |       |     8 ||     8
Dodge: Dodged            |    44 |    33 |    40 ||   117
Block: Buckler           |     1 |    29 |    20 ||    50
